 Dungeon Crawl Stone Soup version 0.29-a0-308-g4e025c60ea (webtiles) character file.

Game seed: 14349979101605321829

760 Ijustatesigmund the Skirmisher (level 7, -7/44 HPs)
             Began as a Gargoyle Wanderer on Mar 28, 2022.
             Mangled by an orc
             ... wielding a +0 lajatang
              (10 damage)
             ... on level 5 of the Dungeon.
             The game lasted 00:13:26 (6524 turns).

Ijustatesigmund the Skirmisher (Gargoyle Wanderer)  Turns: 6524, Time: 00:13:27

Health: -7/44      AC: 18    Str: 12    XL:     7   Next: 80%
Magic:  8/8        EV:  8    Int: 15    God:
Gold:   238        SH:  0    Dex: 12    Spells: 4/8 levels left

rFire   . . .      SeeInvis .   a - +1 flail
rCold   . . .      Faith    .   (no shield)
rNeg    + . .      Spirit   .   b - +1 scale mail
rPois   ∞          Reflect  .   (no helmet)
rElec   +          Harm     .   (no cloak)
rCorr   +          Rampage  .   (no gloves)
Will    .....                   s - +0 pair of boots
Stlth   ..........              (no amulet)
HPRegen 0.14/turn               f - +4 ring of protection
MPRegen 0.11/turn               n - ring of resist corrosion

@: no status effects
A: sickness immunity, AC +4, negative energy resistance 1, electricity
resistance, torment resistance 1, petrification resistance
a: no special abilities


You were on level 5 of the Dungeon.
You visited 1 branch of the dungeon, and saw 5 of its levels.

You collected 238 gold pieces.

Inventory:

Hand Weapons
 a - a +1 flail (weapon)
 m - the +6 arbalest "Damnation" {damnation}
   (You found it on level 4 of the Dungeon)

   Any ammunition fired from it explodes in a burst of damnation on striking a
   foe, dealing damage which bypasses armour.
Missiles
 d - 184 stones
 u - a throwing net
Armour
 b - a +1 scale mail (worn)
 s - a +0 pair of boots (worn)
Jewellery
 e - a ring of protection from cold
 f - a +4 ring of protection (left hand)
 i - a ring of positive energy
 l - a ring of positive energy
 n - a ring of resist corrosion (right hand)
 o - a ring of fire
Wands
 t - a wand of digging (6)
Scrolls
 r - a scroll of enchant armour
 x - a scroll of teleportation
Potions
 c - 3 potions of magic
 g - 3 potions of brilliance
 j - a potion of resistance
 p - a potion of attraction


   Skills:
 + Level 5.1 Fighting
 + Level 4.5 Maces & Flails
 + Level 4.9 Armour
 - Level 3.0 Unarmed Combat
 - Level 1.0 Spellcasting
 - Level 3.3 Conjurations
 - Level 4.1 Earth Magic


You had 4 spell levels left.
You knew the following spells:

 Your Spells              Type           Power      Damage    Failure   Level
a - Sandblast             Erth           26%        2d8       22%         1
b - Stone Arrow           Conj/Erth      22%        3d8       58%         3

Your spell library contained the following spells:

 Spells                   Type           Power      Damage    Failure   Level
 Blink                    Tloc           0%         N/A       86%         2
 Lesser Beckoning         Tloc           0%         N/A       98%         3
 Animate Armour           Summ/Erth      12%        N/A       99%         4
 Manifold Assault         Tloc           0%         N/A       100%        5


Dungeon Overview and Level Annotations

Branches:
Dungeon (5/15)             Temple (0/1) D:4

Altars:
Ashenzari
Cheibriados
Dithmenos
Qazlal
Ru
Trog
Lugonu

Shops:
D:1 (

Portals:
Abyss: D:4


Innate Abilities, Weirdness & Mutations

You are immune to sickness and miasma.
Your stone body is resilient. (AC +4)
You are immune to poison.
You resist negative energy. (rN+)
You are resistant to electric shocks. (rElec)
You are resistant to unholy torment.
You are immune to petrification.


Message History

The orc is heavily wounded.
The orc drinks a potion.
The orc is healed!
You hit the orc but do no damage. The orc hits you with a +0 lajatang.
You hit the orc but do no damage. The orc hits you but does no damage.
You closely miss the orc. The orc hits you with a +0 lajatang!
* * * LOW HITPOINT WARNING * * *
You are too injured to fight recklessly!
You are too injured to fight recklessly!
You are too injured to fight recklessly!
You are too injured to fight recklessly!
You are too injured to fight recklessly!
You are too injured to fight recklessly!
You are too injured to fight recklessly!
You are too injured to fight recklessly!
You are too injured to fight recklessly!
You are too injured to fight recklessly!
You hit the orc but do no damage. The orc closely misses you.
You barely miss the orc. You hit the orc but do no damage.
The orc barely misses you.
You hit the orc but do no damage. The orc closely misses you.
You closely miss the orc. The orc hits you but does no damage.
You hit the orc but do no damage. The orc hits you with a +0 lajatang.
* * * LOW HITPOINT WARNING * * *
You hit the orc but do no damage. The orc hits you but does no damage.
You hit the orc but do no damage. The orc hits you but does no damage.
a - a +1 flail (weapon)
The orc barely misses you.
You barely miss the orc. The orc hits you but does no damage.
You hit the orc but do no damage. The orc barely misses you.
You hit the orc but do no damage. The orc barely misses you.
You closely miss the orc. The orc barely misses you.
You barely miss the orc. The orc barely misses you.
The orc hits you with a +0 lajatang!
* * * LOW HITPOINT WARNING * * *
You hit the orc but do no damage. The orc hits you but does no damage.
You hit the orc but do no damage. The orc barely misses you.
You hit the orc.
The orc is moderately wounded.
The orc hits you with a +0 lajatang!
You die...

#.# #.# ..# #.#
#.######.#
......##.#
≈.8§≈.##.###########
≈...≈.§§...........#
≈≈.§≈§.#########.###
≈§.§≈..# #o#
§§§≈≈..# #@#
§≈§≈§..# #.#
≈§§≈≈.## #.# .§≈≈..#
#.# ......# #)#
.###### #)# ## #<#
###


You could see an orc.

Vanquished Creatures
  A sky beast (D:5)
  A phantom (D:4)
  A howler monkey (D:4)
  A jelly (D:4)
  3 hounds
  3 orc priests
  Jessica (D:2)
  3 iguanas
  An orc wizard (D:3)
  7 gnolls
  4 adders
  2 worms (D:2)
  4 dart slugs
  14 orcs
  2 ball pythons (D:1)
  8 endoplasms
  8 giant cockroaches
  16 hobgoblins
  4 jackals
  2 quokkas
  2 bats
  3 frilled lizards
  7 goblins
  8 kobolds
  7 rats
113 creatures vanquished.

Vanquished Creatures (others)
  A lurking horror (D:4)
1 creature vanquished.

Grand Total: 114 creatures vanquished

Notes
Turn   | Place    | Note
-------+----------+-------------------------------------------
     0 | D:1      | Ijustatesigmund the Gargoyle Wanderer began the quest for
                  | the Orb.
     0 | D:1      | Ijustatesigmund set off with the following items: a +0
                  | club, a +0 scale mail, a potion of heal wounds, 26 stones,
                  | a scroll of teleportation; and the following spell
                  | memorised: Sandblast; and the following spells available to
                  | memorise: Stone Arrow, Animate Armour
     0 | D:1      | Reached XP level 1. HP: 10/10 MP: 2/2
   140 | D:1      | Reached skill level 1 in Fighting
   144 | D:1      | Reached skill level 1 in Maces & Flails
   144 | D:1      | Reached XP level 2. HP: 13/16 MP: 3/3
   407 | D:2      | Reached skill level 2 in Fighting
   407 | D:2      | Reached XP level 3. HP: 21/21 MP: 1/4
   916 | D:2      | Noticed Jessica
  1269 | D:1      | Found Qozxe's Weapon Boutique.
  1306 | D:1      | Reached XP level 4. HP: 27/27 MP: 1/5
  1351 | D:1      | Learned a level 3 spell: Stone Arrow
  1621 | D:2      | Killed Jessica
  1722 | D:2      | Reached skill level 3 in Fighting
  1722 | D:2      | Reached skill level 1 in Conjurations
  2321 | D:2      | Reached XP level 5. HP: 22/32 MP: 6/6
  3243 | D:3      | Found a faded altar of an unknown god.
  3293 | D:3      | Found a broken altar of Ashenzari.
  3306 | D:3      | Reached XP level 6. HP: 37/37 MP: 7/7
  3324 | D:3      | Found a shadowy altar of Dithmenos.
  3368 | D:3      | Found a snail-covered altar of Cheibriados.
  3703 | D:4      | Found the +6 arbalest "Damnation" {damnation}
  4140 | D:4      | Reached skill level 4 in Fighting
  4260 | D:4      | Found a one-way gate to the infinite horrors of the Abyss.
  4261 | D:4      | Found a corrupted altar of Lugonu.
  4377 | D:4      | Reached XP level 7. HP: 23/43 MP: 8/8
  4752 | D:5      | Entered Level 5 of the Dungeon
  5116 | D:4      | Found a staircase to the Ecumenical Temple.
  5278 | D:4      | Found a stormy altar of Qazlal.
  5288 | D:4      | Noticed a water elemental
  5449 | D:4      | Noticed an air elemental
  5493 | D:4      | Noticed a fire elemental
  5677 | D:4      | Found a bloodstained altar of Trog.
  5750 | D:5      | Found a sacrificial altar of Ru.
  6041 | D:5      | Reached skill level 5 in Fighting
  6521 | D:5      | HP: 2/44 [orc/+0 lajatang (11)]
  6524 | D:5      | Mangled by an orc

Illustrated notes

Levels and vault maps discovered:
D:1:      eino_arrival_water_cross, layout_basic, serial_shops,
          nicolae_shop_crystal
D:2:      layout_loops_corners, grunt_ministairs_2, minmay_goblin_kobold_house,
          uniq_jessica
D:3:      layout_loops_ring, lemuel_tele_altar,
          mainiacjoe_overflow_catwalk_spiral, chequers_ecumenical_altar_twisty,
          minmay_fountain_box, minmay_between
D:4:      layout_gridville, nicolae_qazlal_style_of_elements,
          mainiacjoe_overflow_alcove_1, minmay_temple_entry_water_ring,
          amcnicky_altar_lugonu_corruption
D:5:      layout_basic, mainiacjoe_overflow_catwalk, grunt_decor_resistance

Skill      XL: |  1  2  3  4  5  6  7 |
---------------+----------------------+-----
Fighting       | 1 2 3 4 5 |  5.1
Maces & Flails | 1 2 3 4 |  4.5
Conjurations   | 1 2 3 |  3.3
Earth Magic    | 3 4 |  4.1
Armour         | |  4.9
Unarmed Combat | |  3.0
Spellcasting   | |  1.0

Action                   |  1- 3 |  4- 6 |  7- 9 || total
-------------------------+-------+-------+-------++-------
Melee: Club              |   179 |   314 |   162 ||   655
       Punch             |     6 |     3 |     3 ||    12
       Unarmed           |       |       |    53 ||    53
       Flail             |       |       |     8 ||     8
 Cast: Sandblast         |     5 |    17 |       ||    22
  Use: Scroll            |     2 |    10 |     3 ||    15
       Potion            |     1 |     4 |     2 ||     7
Armor: Scale mail        |   129 |   242 |   156 ||   527
       Skin              |       |    12 |       ||    12
Dodge: Dodged            |   102 |   130 |   107 ||   339

Table legend: (Time is in decaauts)
 A = Elapsed time spent in this place.
 B = Non-inter-level travel time spent in this place.
 C = Inter-level travel time spent in this place.
 D = Time resting spent in this place.
 E = Time spent auto-exploring this place.
 F = Levels seen in this place.
 G = Mean time per level.
                   A        B        C        D        E       F      G
               +--------+--------+--------+--------+--------+-----+--------+
         Total |   6600 |   6494 |    106 |   1802 |   3211 |   5 | 1320.0 |
       Dungeon |   6600 |   6494 |    106 |   1802 |   3211 |   5 | 1320.0 |
               +--------+--------+--------+--------+--------+-----+--------+

Top non-repeatable levels by time:
     D:2: 1777 daAuts
     D:4: 1701 daAuts
     D:3: 1395 daAuts
     D:1: 931 daAuts
     D:5: 794 daAuts
